AoeStats
← andresphones

Arena

508964450Analyzed
1v1 RM · 7d ago on Sep 24, 2026· 53m 41s· 2 players
Game mode
Random Map
Map size
Tiny (2 player)
Population
200
Speed
Normal
Resources
Standard
Victory
Conquest
Starting age
Dark Age
Ending age
Imperial Age
RankedLock teamsTeams togetherTeam positionsShared explorationLock speedFull tech treeHidden civsTurbo modeCheats
Victory
Defeat
🇨🇴 Franks · Colombia
966
+15
🇸🇰 Koreans · Slovakia
952
-44
swp910
14:01 Feudal Age
16:23 Double-Bit Axe
17:26 Wheelbarrow
24:24 Castle Age
23:26 Fletching
24:46 Scale Barding Armor
26:16 Horse Collar
28:33 Murder Holes
29:10 Husbandry
31:49 Scale Barding Armor
31:41 Bodkin Arrow
31:56 Scale Barding Armor
32:23 Ballistics
34:45 Masonry
35:07 Hand Cart
37:21 Sanctity
37:10 Eupseong
37:14 Town Watch
37:02 Pikeman
45:00 Imperial Age
45:50 Cavalier
48:08 Chain Barding Armor
49:17 Bracer
andresphones
10:21 Feudal Age
15:07 Castle Age
16:29 Double-Bit Axe
22:07 Wheelbarrow
25:40 Hand Cart
25:41 Bow Saw
27:27 Gold Mining
34:45 Ballistics
35:27 Forging
35:23 Scale Barding Armor
35:09 Fletching
35:20 Padded Archer Armor
36:15 Gold Shaft Mining
35:31 Stone Mining
38:41 Imperial Age
35:59 Loom
36:00 Town Watch
36:43 Murder Holes
39:09 Capped Ram
43:53 Cavalier
44:33 Husbandry
45:26 Paladin
46:49 Iron Casting
46:34 Chain Barding Armor
46:10 Bodkin Arrow
46:31 Leather Archer Armor
46:16 Scale Mail Armor
49:57 Blast Furnace
49:32 Plate Barding Armor
49:30 Ordonnance Companies
50:11 Chivalry
Connection lost

Rejoining the realm…

Still unreachable

The connection could not be restored.

Session expired

The server has moved on; the page needs a fresh start.